AoeStats
← Rackeymen

Arabia

507448883Analyzed
1v1 RM · 15d ago on Sep 18, 2026· 22m 53s· 2 players
Game mode
Random Map
Map size
Tiny (2 player)
Population
200
Speed
Normal
Resources
Standard
Victory
Conquest
Starting age
Dark Age
Ending age
Imperial Age
RankedLock teamsTeams togetherTeam positionsShared explorationLock speedFull tech treeHidden civsTurbo modeCheats
Victory
Defeat
🇱🇹 Spanish · Lithuania
986
+17
🇨🇴 Magyars · Colombia
1012
-17
warvagon
3:38 Loom
10:48 Feudal Age
11:29 Double-Bit Axe
11:55 Horse Collar
21:09 Castle Age
19:38 Forging
20:22 Scale Barding Armor
Rackeymen
5:17 Loom
9:58 Feudal Age
11:05 Double-Bit Axe
12:44 Wheelbarrow
15:37 Gold Mining
18:07 Stone Mining
20:30 Castle Age
21:33 Hand Cart
21:51 Bow Saw
Connection lost

Rejoining the realm…

Still unreachable

The connection could not be restored.

Session expired

The server has moved on; the page needs a fresh start.